 Seeded DCSS version 0.30-a0-1075-gcd70e7a56d (webtiles) character file.

Game seed: 7823030267166520584 (custom seed)

40166 bmack86 the Severer (level 13, -5/116 HPs)
             Began as a Minotaur Fighter on Apr 14, 2023.
             Was a High Priest of Okawaru.
             Slain by a white ugly thing (31 damage)
             ... on level 14 of the Dungeon.
             The game lasted 00:28:21 (12651 turns).

bmack86 the Severer (Minotaur Fighter)             Turns: 12651, Time: 00:28:21

Health: -5/116     AC: 30    Str: 29    XL:     13   Next: 73%
Magic:  18/18      EV:  9    Int:  8    God:    Okawaru [*****.]
Gold:   958        SH: 11    Dex:  9    Spells: 12/12 levels left

rFire   . . .      SeeInvis .    W - +1 broad axe "Zohoifak" {freeze, Str+2 Int+3}
rCold   . . .      Faith    .    c - +0 buckler
rNeg    . . .      Spirit   .    o - +3 chain mail
rPois   .          Reflect  +    (helmet restricted)
rElec   .          Rampage  .    p - +2 cloak
rCorr   .                        D - +2 pair of gloves
Will    .....                    (no boots) Stlth
                                 j - amulet of reflection
HPRegen 0.39/turn                i - +4 ring of protection
MPRegen 0.16/turn                G - +4 ring of protection

@: studying Throwing
A: horns 2, retaliatory headbutt
a: Renounce Religion, Heroism, Finesse, Duel


You were on level 14 of the Dungeon.
You worshipped Okawaru.
Okawaru was extremely pleased with you.
You visited 2 branches of the dungeon, and saw 15 of its levels.
You also visited: Bailey.

You collected 958 gold pieces.

Inventory:

Hand Weapons
 a - a +1 heavy war axe
 g - a +6 hand axe of freezing
 W - the +1 broad axe "Zohoifak" (weapon) {freeze, Str+2 Int+3}
   (Okawaru gifted it to you on level 14 of the Dungeon)

   Str:       It affects your strength (+2).
   Int:       It affects your intelligence (+3).
Missiles
 h - 4 throwing nets
 A - 18 poisoned darts
 I - 2 boomerangs (quivered)
 M - 5 silver javelins
 O - a javelin
 P - a curare-tipped dart
 T - 2 silver boomerangs
Armour
 c - a +0 buckler (worn)
 e - a +0 plate armour
 m - a +1 chain mail
 o - a +3 chain mail (worn)
 p - a +2 cloak (worn)
 D - a +2 pair of gloves (worn)
 J - a +0 pair of boots
Jewellery
 b - a +6 ring of intelligence
 i - a +4 ring of protection (left hand)
 j - an amulet of reflection (around neck)
 s - a ring of wizardry
 t - a +6 ring of intelligence
 F - a ring of poison resistance
 G - a +4 ring of protection (right hand)
 H - a +6 ring of intelligence
 N - a ring of see invisible
 V - a ring of ice
Wands
 x - a wand of iceblast (4)
 S - a wand of flame (7)
Scrolls
 q - 6 scrolls of teleportation
 r - a scroll of blinking
 w - a scroll of magic mapping
 y - 3 scrolls of fog
 K - a scroll of enchant weapon
 R - 2 scrolls of fear
 U - a scroll of amnesia
Potions
 d - 2 potions of might
 f - 3 potions of brilliance
 k - a potion of invisibility
 l - 4 potions of lignification
 n - 6 potions of curing
 u - a potion of ambrosia
 v - 2 potions of magic
 z - 3 potions of mutation
 B - a potion of berserk rage {unknown}
 C - 4 potions of haste
 E - 4 potions of heal wounds {unknown}
 L - a potion of resistance {unknown}
 Q - a potion of attraction {unknown}


   Skills:
 + Level 11.5 Fighting
 * Level 15.4 Axes
 - Level 10.0 Throwing
 + Level 11.5 Armour
 + Level 11.5 Shields
 + Level 8.2 Invocations


You had 12 spell levels left.
You didn't know any spells.
Your spell library contained the following spells:

 Spells                   Type           Power      Damage    Failure   Level
 Frozen Ramparts          Ice            0%         1d1       99%         3
 Gell's Gravitas          Tloc           0%         N/A       99%         3
 Hailstorm                Conj/Ice       0%         3d3       99%         3
 Teleport Other           Tloc           0%         N/A       99%         3
 Ice Form                 Ice/Tmut       0%         N/A       100%        4
 Manifold Assault         Tloc           0%         N/A       100%        4
 Iskenderun's Battlesphe  Conj           0%         2d6       100%        5
 Dispersal                Tloc           0%         N/A       100%        6
 Iron Shot                Conj/Erth      0%         9d1       100%        6
 Disjunction              Tloc           0%         N/A       100%        8
 Summon Ice Beast         Ice/Summ       Unusable   N/A       N/A         4
 Simulacrum               Ice/Necr       Unusable   N/A       N/A         6
 Spellforged Servitor     Conj/Summ      Unusable   N/A       N/A         7

Dungeon Overview and Level Annotations

Branches:
Dungeon (14/15)            Temple (1/1) D:4            Lair (0/5) D:11
    Orc (0/2) D:11         Bailey (visited)
 Vaults: D:13-14

Altars:
Dithmenos
Okawaru
Uskayaw
Vehumet
Wu Jian

Shops:
D:4 *

Annotations:
D:8 2 transporters, dracfodder's ghost, novice MiFi
D:14 Roxanne


Innate Abilities, Weirdness & Mutations

You have a pair of horns on your head.
You reflexively headbutt those who attack you in melee.


Message History

You barely miss the cyan ugly thing. You headbutt the cyan ugly thing!
The cyan ugly thing is severely wounded.
You block the cyan ugly thing's attack.
Unknown command.
You slice the cyan ugly thing!! You freeze the cyan ugly thing.
You kill the cyan ugly thing!
Okawaru accepts your kill.
You hit the white ugly thing but do no damage.
The white ugly thing closely misses you.
Unknown command.
You slice the white ugly thing!! You freeze the white ugly thing.
The white ugly thing is heavily wounded.
You hit the white ugly thing but do no damage.
You headbutt the white ugly thing.
The white ugly thing is heavily wounded.
The white ugly thing gores you but does no damage.
You slash the white ugly thing! You freeze the white ugly thing.
Your headbutt misses the white ugly thing.
The white ugly thing is severely wounded.
The white ugly thing gores you but does no damage.
You barely miss the white ugly thing.
Your headbutt misses the white ugly thing.
The white ugly thing is severely wounded.
The white ugly thing barely misses you.
You slice the white ugly thing!! You freeze the white ugly thing.
The white ugly thing is almost dead.
The white ugly thing gores you. The white ugly thing freezes you!!
* * * LOW HITPOINT WARNING * * *
You hit the white ugly thing but do no damage.
Your headbutt misses the white ugly thing.
The white ugly thing is almost dead.
The white ugly thing closely misses you.
You furiously retaliate!
You headbutt the white ugly thing, but do no damage.
You barely miss the white ugly thing.
The white ugly thing is almost dead.
The white ugly thing gores you.
* * * LOW HITPOINT WARNING * * *
The white ugly thing freezes you!!
You die...

####
#############.............
....
..........................
.###
###......................
.# #.#.....#..............
# #..............####....
# ######'####+###..# #....
8... ...............#....
..... ..##
########)###+##########+##
.... ......†.u@......#
#### ###############.#
#######


You could see a white ugly thing.

Vanquished Creatures
  2 hydras (D:14)
  2 centaur warriors
  A catoblepas (D:13)
  A tengu warrior (D:14)
  A boulder beetle (D:14)
  A deep troll earth mage (D:12)
  2 two-headed ogres
  2 wizards (D:14)
  Pikel (D:5)
  10 ugly things (D:14)
  2 deep elf pyromancers
  2 cyclopes
  3 kobold demonologists (D:11)
  A rime drake (D:11)
  2 unseen horrors
  2 trolls (D:12)
  Prince Ribbit (D:9)
  Grinder (D:5)
  5 slime creatures (D:12)
  A shadow (D:9)
  A wraith (D:11)
  2 vampires
  Grum (Bailey)
  19 yaks
  3 vampire mosquitoes (D:12)
  Menkaure (D:6)
  A steam dragon (D:9)
  2 acid dragons
  Duvessa (D:7)
  7 ice beasts
  6 orc warriors
  An ogre (D:5)
  11 wolves
  A phantom (D:4)
  9 centaurs
  A kobold brigand (D:11)
  3 bullfrogs
  7 gnoll sergeants
  2 scorpions
  5 wights (D:9)
  Dowan (D:7)
  8 killer bees
  2 howler monkeys
  An electric eel (D:12)
  4 hounds
  3 jellies
  8 orc priests
  11 gnoll boudas
  An iguana (D:4)
  15 orc wizards
  Robin (D:2)
  26 gnolls
  5 adders
  An ufetubus (D:6)
  4 worms
  A dart slug (D:1)
  32 orcs
  5 ball pythons
  5 endoplasms
  3 giant cockroaches
  17 goblins
  11 hobgoblins
  6 jackals
  8 kobolds
  3 quokkas
  5 bats
  2 frilled lizards
  6 rats
322 creatures vanquished.

Vanquished Creatures (others)
  An orc wizard (D:12)
1 creature vanquished.

Grand Total: 323 creatures vanquished

Notes
Turn   | Place    | Note
-------+----------+-------------------------------------------
     0 | D:1      | bmack86 the Minotaur Fighter began the quest for the Orb.
     0 | D:1      | Reached XP level 1. HP: 19/19 MP: 0/0
   100 | D:1      | Reached XP level 2. HP: 18/27 MP: 1/1
   173 | D:1      | Reached skill level 3 in Axes
   654 | D:2      | Reached XP level 3. HP: 32/33 MP: 2/2
   711 | D:2      | Reached XP level 4. HP: 29/40 MP: 3/3
   879 | D:2      | Reached skill level 4 in Axes
   905 | D:2      | Noticed Robin
   919 | D:2      | Killed Robin
   964 | D:2      | Found a radiant altar of Vehumet.
  1048 | D:2      | Found a faded altar of an unknown god.
  1457 | D:3      | Reached XP level 5. HP: 45/47 MP: 4/4
  1502 | D:3      | Found an iron altar of Okawaru.
  1537 | D:3      | Became a worshipper of Warmaster Okawaru
  1638 | D:3      | Found an ornate altar of the Wu Jian Council.
  2017 | D:3      | Reached skill level 5 in Axes
  2240 | D:4      | Found a staircase to the Ecumenical Temple.
  2260 | Temple   | Entered the Ecumenical Temple
  2364 | D:4      | Reached skill level 1 in Invocations
  2364 | D:4      | Reached XP level 6. HP: 53/53 MP: 5/5
  2434 | D:4      | Reached skill level 5 in Fighting
  2434 | D:4      | Reached skill level 5 in Armour
  2530 | D:4      | Found Keteng's Gadget Gallery.
  2761 | D:5      | Entered Level 5 of the Dungeon
  2793 | D:5      | Reached skill level 5 in Shields
  2830 | D:5      | Noticed Pikel
  2844 | D:5      | Killed Pikel
  2844 | D:5      | Reached * piety under Okawaru
  2845 | D:5      | Reached skill level 6 in Axes
  2845 | D:5      | Reached XP level 7. HP: 32/62 MP: 6/8
  3255 | D:5      | Noticed Grinder
  3266 | D:5      | Killed Grinder
  3267 | D:5      | Reached skill level 7 in Axes
  3267 | D:5      | Reached XP level 8. HP: 58/70 MP: 9/9
  3826 | D:6      | You fall into a shaft and drop 3 floors!
  3850 | D:9      | Reached skill level 1 in Throwing
  3854 | D:9      | Reached skill level 8 in Axes
  3859 | D:9      | Reached ** piety under Okawaru
  4180 | D:8      | Noticed a two-headed ogre
  4189 | D:8      | Killed a two-headed ogre
  4190 | D:8      | Reached skill level 9 in Axes
  4190 | D:8      | Reached XP level 9. HP: 46/79 MP: 7/11
  4357 | D:8      | Found a flagged portal.
  4397 | Bailey   | Entered a bailey
  4407 | Bailey   | Reached *** piety under Okawaru
  4608 | Bailey   | Noticed Grum
  4625 | Bailey   | Reached skill level 5 in Invocations
  4626 | Bailey   | Killed Grum
  4871 | Bailey   | Reached skill level 10 in Axes
  4874 | Bailey   | Reached XP level 10. HP: 88/88 MP: 12/12
  5414 | D:8      | Noticed a +0 short sword
  5431 | D:8      | Reached skill level 5 in Throwing
  5434 | D:8      | Reached **** piety under Okawaru
  5503 | D:8      | Found a hide-covered altar of Uskayaw.
  5503 | D:8      | Noticed a +0 falchion
  5503 | D:8      | Noticed a +0 dagger
  5508 | D:8      | Noticed a +0 short sword
  5508 | D:8      | Noticed a +0 spear
  5510 | D:8      | Noticed a +0 spear
  5510 | D:8      | Noticed a +0 falchion
  5511 | D:8      | Noticed a +0 dagger
  5687 | D:8      | Noticed dracfodder's ghost (novice MiFi)
  5689 | D:8      | Found a transporter.
  5709 | D:8      | Found a transporter.
  6050 | D:9      | Noticed Prince Ribbit
  6079 | D:9      | Killed Prince Ribbit
  6904 | D:7      | Noticed Dowan
  6905 | D:7      | Noticed Duvessa
  6913 | D:7      | Killed Duvessa
  6915 | D:7      | Killed Dowan
  7350 | D:6      | Noticed Menkaure
  7356 | D:6      | Killed Menkaure
  7357 | D:6      | Reached skill level 11 in Axes
  7630 | D:6      | Received a gift from Okawaru
  8095 | D:10     | Entered Level 10 of the Dungeon
  8209 | D:10     | Noticed a deep elf pyromancer
  8220 | D:10     | Killed a deep elf pyromancer
  8318 | D:10     | Received a gift from Okawaru
  8423 | D:10     | Received a gift from Okawaru
  8430 | D:10     | Reached XP level 11. HP: 87/95 MP: 14/14
  8431 | D:10     | Found a shadowy altar of Dithmenos.
  8660 | D:11     | Reached ***** piety under Okawaru
  8682 | D:11     | Received a gift from Okawaru
  8687 | D:11     | Reached skill level 12 in Axes
  8793 | D:11     | Found a staircase to the Orcish Mines.
  8800 | D:11     | Found a staircase to the Lair.
  9201 | D:11     | Noticed an orc knight
  9201 | D:11     | Noticed a fire crab
  9202 | D:11     | Noticed a boulder beetle
  9203 | D:11     | Noticed a deep elf pyromancer
  9205 | D:11     | Noticed a deep elf pyromancer
  9215 | D:11     | Noticed a steelbarb worm
  9358 | D:11     | Noticed a two-headed ogre
  9364 | D:11     | Killed a two-headed ogre
  9498 | D:11     | Received a gift from Okawaru
  9687 | D:11     | Noticed a sea snake
  9688 | D:11     | Noticed a glowing orange brain
  9691 | D:11     | a glowing orange brain changed into a skyshark
  9691 | D:11     | Noticed a skyshark (shapeshifter)
  9693 | D:11     | a skyshark changed into a shining eye
  9693 | D:11     | Noticed a shining eye (shapeshifter)
  9901 | D:12     | Received a gift from Okawaru
 10008 | D:12     | Reached skill level 13 in Axes
 10064 | D:12     | Noticed a centaur warrior
 10079 | D:12     | Killed a centaur warrior
 10080 | D:12     | Reached XP level 12. HP: 97/106 MP: 16/16
 10501 | D:12     | Reached skill level 10 in Armour
 10547 | D:12     | Noticed a deep troll earth mage
 10563 | D:12     | Killed a deep troll earth mage
 10564 | D:12     | Reached skill level 10 in Fighting
 10564 | D:12     | Reached skill level 10 in Shields
 10568 | D:12     | Received a gift from Okawaru
 10941 | D:13     | Noticed a catoblepas
 11015 | D:13     | Killed a catoblepas
 11303 | D:13     | Noticed a centaur warrior
 11310 | D:13     | Killed a centaur warrior
 11707 | D:13     | Reached skill level 14 in Axes
 11707 | D:13     | Reached XP level 13. HP: 116/116 MP: 17/17
 11913 | D:14     | Found an ornate altar of the Wu Jian Council.
 11919 | D:14     | Noticed Roxanne
 11951 | D:14     | Reached ****** piety under Okawaru
 12121 | D:14     | Identified the +1 broad axe "Zohoifak" {freeze, Str+2
                  | Int+3} (Okawaru gifted it to you on level 14 of the
                  | Dungeon)
 12121 | D:14     | Received a gift from Okawaru
 12139 | D:14     | Reached skill level 15 in Axes
 12641 | D:14     | Reached skill level 10 in Throwing
 12651 | D:14     | Slain by a white ugly thing

Illustrated notes

Levels and vault maps discovered:
D:1:      heliophobic_arrival_glass_houses, layout_basic
D:2:      layout_rooms, basic_altar, hellmonk_ecumenical_altar_arch_garden,
          minmay_statues_item, uniq_robin
D:3:      layout_basic, mainiacjoe_overflow_small_starburst,
          lemuel_coloured_pillars_altar, kennysheep_small_spiral, fountainhead
D:4:      layout_basic, temple_statues, nicolae_shop_gadgets
D:5:      layout_loops_cross, lightli_corner_chamber, uniq_grinder, uniq_pikel
D:6:      layout_loops_ring, uniq_menkaure
D:7:      layout_layer_cave, minmay_misc_feat_more_columns, uniq_duvessa
D:8:      layout_loops_ring, nicolae_uskayaw_en_pointe, enter_bailey_6,
          gammafunk_ghost_smash, minmay_manual_mail
D:9:      minmay_the_grid_square_5x5_3x3 [minmay_the_grid_square_5x5_three,
          minmay_the_grid_square_5x5_six_small,
          minmay_the_grid_square_5x5_two_walls_b,
          minmay_the_grid_square_5x5_bite,
          minmay_the_grid_square_5x5_megaprize_checkered,
          minmay_the_grid_square_5x5_eight_small,
          minmay_the_grid_square_5x5_spiral_small,
          minmay_the_grid_square_5x5_trominoes, minmay_the_grid_square_5x5_v],
          layout_cave_pools, nicolae_elyvilon_temple_path,
          kennysheep_generic_room_10, uniq_prince_ribbit1, uniq_grum
D:10:     layout_basic, nicolae_dithmenos_the_darkroom, serial_glass,
          glass_columns_b, glass_columns_a, glass_columns_a, glass_columns_a,
          glass_columns_a, glass_columns_a, minmay_strange_pillars,
          item_on_display_a
D:11:     layout_irregular_city, hellmonk_lair_entry_icy,
          minmay_orc_entry_temple_small, minivault_12
D:12:     layout_loops_cross, kennysheep_island_fort
D:13:     layout_cave_pods
D:14:     layout_stronghold, david_vaults_4, nicolae_wu_jian_wuxing_cycle,
          minmay_puff, uniq_roxanne
Temple:   bh_familiar_temple

Skill      XL: |  1  2  3  4  5  6  7  8  9 10 11 12 13 |
---------------+----------------------------------------+-----
Axes           | 3 4 5 6 7 9 10 11 13 14 15 | 15.4
Fighting       | 4 5 6 7 8 9 11 | 11.5
Armour         | 4 5 6 7 8 9 11 | 11.5
Shields        | 4 5 6 7 8 9 11 | 11.5
Invocations    | 1 2 3 4 5 6 7 8 |  8.2
Throwing       | 2 4 6 8 9 10 | 10.0

Action                     |  1- 3 |  4- 6 |  7- 9 | 10-12 | 13-15 || total
---------------------------+-------+-------+-------+-------+-------++-------
  Melee: War axe           |    67 |   159 |    43 |       |       ||   269
         Headbutt          |     5 |    26 |    39 |    87 |    32 ||   189
         Hand axe          |       |       |   117 |   416 |    33 ||   566
         Broad axe         |       |       |       |       |    74 ||    74
  Throw: Boomerang         |       |       |       |    18 |       ||    18
 Invoke: Heroism           |       |       |     3 |       |     1 ||     4
         Finesse           |       |       |       |       |     1 ||     1
    Use: Scroll            |       |     6 |    14 |     7 |       ||    27
         Potion            |       |       |       |     1 |       ||     1
   Stab: Sleeping          |       |       |       |     1 |       ||     1
 Armour: Scale mail        |    22 |       |       |       |       ||    22
         Chain mail        |    15 |    88 |    30 |   346 |    56 ||   535
         Plate armour      |       |       |   115 |       |       ||   115
  Dodge: Dodged            |    29 |    47 |    71 |   102 |    29 ||   278
  Block: Buckler           |    27 |    95 |   114 |   252 |    43 ||   531
         Reflection        |     2 |     3 |       |    23 |       ||    28

Table legend: (Time is in decaauts)
 A = Elapsed time spent in this place.
 B = Non-inter-level travel time spent in this place.
 C = Inter-level travel time spent in this place.
 D = Time resting spent in this place.
 E = Time spent auto-exploring this place.
 F = Levels seen in this place.
 G = Mean time per level.
                   A        B        C        D        E       F      G
               +--------+--------+--------+--------+--------+-----+--------+
         Total |  12591 |  12148 |    443 |    418 |   8704 |  16 |  786.9 |
       Dungeon |  11711 |  11268 |    443 |    204 |   8318 |  14 |  836.5 |
        Temple |      1 |      1 |      0 |      0 |      0 |   1 |    1.0 |
        Bailey |    877 |    877 |      0 |    214 |    386 |   1 |  877.0 |
               +--------+--------+--------+--------+--------+-----+--------+

Top non-repeatable levels by time:
     D:7: 1174 daAuts
    D:11: 1116 daAuts
     D:5: 1052 daAuts
    D:13: 1036 daAuts
     D:3: 1030 daAuts
    D:12: 973 daAuts
  Bailey: 877 daAuts
     D:8: 868 daAuts
    D:14: 792 daAuts
     D:6: 708 daAuts
     D:1: 665 daAuts
     D:9: 625 daAuts
     D:4: 617 daAuts
    D:10: 534 daAuts
     D:2: 517 daAuts
